Map: Opérations galactiques EC

Players

zidar

  • Race: Zerg Zerg
  • Spawn Location: 1:00

MasterCheese - Winner!

  • Race: Protoss Protoss
  • Spawn Location: 7:00

VOD

Have the link to the VOD?

Description

Time

  • Played on: Oct. 19, 2016, 10:01 a.m.
  • Length: 10:33
Show
View Real Time Build Order
Export as new Build Order

zidar Zerg 

Build Orders: Hatch First 

Get SALT Encoding   

  12  0:02  Drone  
  13  0:12  Overlord  
  13  0:18  Drone  
  14  0:31  Drone x2  
  16  0:53  Drone  
  16  0:54  Hatchery  
  16  0:58  Extractor  
  16  0:59  Drone  
  16  1:19  Spawning Pool  
  16  1:20  Drone  
  16  1:25  Drone  
  17  1:30  Drone  
  18  1:34  Drone  
  19  2:09  Hatchery  
  19  2:11  Queen  
  20  2:22  Queen  
  22  2:29  Drone  
  22  2:30  Drone  
  23  2:40  Drone x2  
  23  2:41  Drone  
  26  3:01  Metabolic Boost  
  26  3:02  Roach Warren  
  25  3:08  Lair  
  25  3:19  Extractor  
  24  3:20  Drone x4  
  24  3:26  Overlord  
  28  3:43  Queen  
  28  3:46  Drone x3  
  33  4:06  Zergling x2  
  33  4:07  Zergling x12  
  40  4:31  Glial Reconstitution  
  40  4:39  Hydralisk Den  
  39  4:56  Baneling Nest  
  39  4:57  Overlord x4  
  38  5:19  Overseer, Drone x2  
  38  5:20  Drone  
  41  5:27  Lurker Den  
  40  5:38  Evolution Chamber  
  40  5:39  Evolution Chamber  
  38  5:46  Drone x6  
  44  5:52  Hydralisk x5  
  54  6:02  Extractor  
  53  6:05  Drone x4  
  53  6:06  Extractor  
  53  6:08  Overlord  
  56  6:23  Drone x4  
  60  6:26  Drone x2  
  60  6:27  Drone x3  
  60  6:31  Zerg Melee Weapons Level 1  
  65  6:35  Drone x3  
  68  6:40  Hydralisk  
  68  6:41  Hydralisk  
  68  6:46  Centrifical Hooks  
  63  7:07  Hydralisk x4  
  63  7:08  Hydralisk  
  62  7:15  Spore Crawler x2  
  56  7:19  Spore Crawler  
  56  7:22  Hydralisk  
  56  7:35  Hydralisk x2  
  43  8:02  Hydralisk x5  
  44  8:20  Hydralisk x2  
  46  8:27  Drone x4  
  50  8:42  Drone x5  
  55  8:50  Muscular Augments  
  55  8:57  Drone x2  
  55  8:58  Queen  
  59  9:11  Drone  
  59  9:12  Overlord  
  59  9:13  Overlord  
  60  9:53  Hydralisk x4  
  60  9:54  Hydralisk x4  
Show
View Real Time Build Order
Export as new Build Order

MasterCheese Protoss - Winner!

Build Orders: 1 Gate Expand 

Get SALT Encoding   

  12  0:01  Probe (Chrono Boost)  
  13  0:12  Probe (Chrono Boost)  
  14  0:22  Probe (Chrono Boost), Pylon  
  15  0:40  Probe (Chrono Boost)  
  16  0:45  Gateway  
  16  0:47  Pylon  
  16  0:51  Probe (Chrono Boost)  
  17  0:59  Assimilator  
  17  1:01  Probe (Chrono Boost)  
  18  1:12  Probe (Chrono Boost)  
  19  1:25  Probe (Chrono Boost)  
  20  1:33  Nexus  
  20  1:40  Assimilator  
  20  1:41  Probe (Chrono Boost)  
  21  1:48  Zealot  
  21  1:52  Probe (Chrono Boost)  
  24  2:05  Cybernetics Core  
  24  2:11  Probe (Chrono Boost)  
  25  2:22  Probe (Chrono Boost)  
  26  2:35  Gateway  
  26  2:45  Probe (Chrono Boost), Warp Gate (Chrono Boost), Pylon  
  26  2:50  Mothership Core  
  29  2:56  Probe  
  29  2:57  Stalker  
  32  3:06  Stargate  
  32  3:10  Probe  
  32  3:11  Probe  
  34  3:23  Stalker  
  36  3:36  Stalker  
  38  3:42  Pylon  
  38  3:50  Stargate  
  38  3:53  Probe  
  38  3:55  Probe  
  40  4:22  Void Ray (Chrono Boost)  
  44  4:30  Probe  
  46  4:31  Probe  
  46  4:35  Assimilator  
  46  4:37  Assimilator  
  48  4:41  Void Ray (Chrono Boost), Probe  
  48  4:44  Probe  
  50  4:53  Probe  
  50  4:56  Probe  
  52  5:01  Zealot  
  52  5:02  Zealot  
  52  5:05  Probe  
  57  5:08  Probe  
  62  5:14  Void Ray (Chrono Boost)  
  62  5:19  Pylon  
  62  5:37  Probe x2  
  62  5:40  Void Ray (Chrono Boost)  
  68  5:49  Probe x2  
  70  5:56  Protoss Air Weapons Level 1, Fleet Beacon  
  70  6:08  Pylon  
  70  6:09  Pylon  
  70  6:19  Nexus  
  70  6:22  Pylon  
  70  6:24  Pylon  
  70  6:26  Probe x2  
  70  6:28  Sentry x2  
  76  6:47  Probe x2  
  84  6:59  Probe x2  
  86  7:03  Carrier (Chrono Boost)  
  86  7:16  Zealot  
  86  7:17  Zealot  
  96  7:46  Carrier (Chrono Boost)  
  92  8:02  Zealot  
  92  8:03  Zealot  
  96  8:09  Gateway  
  96  8:10  Gateway, Probe x2  
  90  8:22  Probe  
  87  8:28  Stalker x2  
  91  8:46  Pylon  
  91  8:48  Pylon  
  91  8:50  Pylon  
  91  8:53  Pylon  
  91  8:56  Gateway  
  91  8:58  Gateway  
  91  8:59  Gateway, Stalker  
  91  9:00  Stalker  
  99  9:10  Robotics Facility x2  
  95  9:24  Stalker x3  
  101  9:26  Sentry  
  103  9:35  Assimilator  
  103  9:39  Assimilator  
  103  9:45  Twilight Council  
  103  9:49  Forge  
  103  9:50  Forge  
Tags
 
Add a new tag
Caveats
  • Supply blocks, unpowered buildings, or Contaminate may cause inaccurate times.
  • Supply counts are checked every 10 seconds.